 Zot Defence DCSS version 0.15.2 (webtiles) character file.

1341 Doot the Conjurer (level 8, -1/1 (44) HPs)
             Began as a Tengu Conjurer on Apr 26, 2022.
             Was an Initiate of Vehumet.
             Rotted away (a goliath beetle)
             ... in the Realm of Zot (Scenario I: Hall of Zot).
             The game lasted 00:10:35 (987 turns).

Doot the Conjurer (Tengu Conjurer)                   Turns: 987, Time: 00:10:35

HP  -1/1 (44)    AC  2     Str  8      XL: 8   Next: 62%
MP   5/20        EV 15     Int 17      God: Vehumet [......]
Gold 0           SH  0     Dex 16      Spells:  3 memorised,  8 levels left

rFire  . . .     SeeInvis .     e - +0 falchion (slice)
rCold  . . .     Clarity  .     a - +0 robe
rNeg   . . .     rCorr    .     (no shield)
rPois  .         rRot     .     (helmet restricted)
rElec  .         Spirit   .     (no cloak)
SustAb .         Warding  .     (no gloves)
rMut   .         Stasis   .     (boots unavailable)
Gourm  .                        (no amulet)
MR     .....                    (no ring)
                                (no ring)

@: not resistant to hostile enchantments, unstealthy
A: able to fly, beak, talons 3
a: Make oklob sapling, Make arrow trap, Make plant, Remove Curse, Make burning
bush, Make altar, Make grenades, Make oklob plant, Make net trap, Fly, Renounce
Religion


You were in the Realm of Zot.
You worshipped Vehumet.
Vehumet was noncommittal.
You were not hungry.

You visited 1 branch

Inventory:

Hand weapons
 e - a +0 falchion of slicing (weapon)
 h - a +0 dagger
Armour
 a - a +0 robe (worn)
Comestibles
 d - a bread ration
Scrolls
 i - a scroll of blinking
Potions
 b - a potion of curing
 f - a potion of haste
Books
 c - a book of Conjurations

   Spells                             Type                      Level
   *Magic Dart                        Conjuration                  1
   *Searing Ray                       Conjuration                  2
   Dazzling Spray                     Conjuration/Hexes            3
   Fulminant Prism                    Conjuration/Hexes            4
   *Iskenderun's Mystic Blast         Conjuration                  4
   Iskenderun's Battlesphere          Conjuration/Charms           5


   Skills:
 + Level 2.2 Fighting
 + Level 2.0 Short Blades
 + Level 5.8 Dodging
 - Level 2.0 Stealth
 + Level 2.1 Unarmed Combat
 + Level 4.1 Spellcasting
 * Level 10.3 Conjurations


You had 8 spell levels left.
You knew the following spells:

 Your Spells              Type           Power        Failure   Level  Hunger
a - Magic Dart            Conj           ####         1%          1    None
b - Searing Ray           Conj           #####.       1%          2    ##.....
c - Iskenderun's Mystic   Conj           #####...     2%          4    ####...


Dungeon Overview and Level Annotations

Branches:
    Zot (1/1)

Altars:
Vehumet


Innate Abilities, Weirdness & Mutations

You can fly.
You have a beak for a mouth.
You have claws for feet.


Message History

Casting: Magic Dart
Confirm with . or Enter, or press ? or * to list all spells.
Aiming: Magic Dart
Press: ? - help, Shift-Dir - straight line, f/p - goliath beetle
Aim: a goliath beetle (almost dead)
The magic dart hits the goliath beetle.
The goliath beetle is almost dead.
Your flesh rots away as the Orb of Zot is desecrated. x6
Unknown command.
Unknown command.
Casting: Magic Dart
Confirm with . or Enter, or press ? or * to list all spells.
Aiming: Magic Dart
Press: ? - help, Shift-Dir - straight line, f/p - goliath beetle
Aim: a goliath beetle (almost dead)
The magic dart hits the goliath beetle.
The goliath beetle is almost dead.
Your flesh rots away as the Orb of Zot is desecrated. x2
Ouch! That really hurt!
You die...

▓∆∆▓ ▓∆∆▓ #▓∆∆▓ ▓∆∆▓# ▓▓▓▓▓▓
▓▓▓▓▓▓▓▓▓▓ ..▓▓▓▓ ▓▓▓▓......
.....▓▓▓ ▓▓▓......... .......▓▓
▓▓........... ........▓ ▓▓▓▓▓▓▓▓▓
▓............
........▓▓▓...P...▓▓▓............
........▓▓.)..P.@P.▓▓............
........▓.....)...%.▓............
........)%%%(%B)[%.%^............
........▓....%......▓)...........
........▓▓..P.P....▓▓............
........▓▓▓.......▓▓▓............
........# ▓▓▓▓▓▓▓▓▓ #............
.......## ##........... .....###
###.........


You could see a goliath beetle, 2 friendly oklob plants, a friendly burning bush
and 2 friendly oklob saplings.

Vanquished Creatures
  A big kobold (Zot)
  A wight (Zot)
  3 hounds (Zot)
  3 iguanas (Zot)
  2 adders (Zot)
  An orc skeleton (Zot)
  5 oozes (Zot)
  3 giant cockroaches (Zot)
  2 goblins (Zot)
  2 hobgoblins (Zot)
  3 kobolds (Zot)
  3 bats (Zot)
  A giant newt (Zot)
  5 rats (Zot)
35 creatures vanquished.

Vanquished Creatures (collateral kills)
  A hell hound (Zot)
  A crocodile (Zot)
  A big kobold (Zot)
  3 goliath beetles (Zot)
  An orc priest (Zot)
  2 hounds (Zot)
  A sheep (Zot)
  An iguana (Zot)
  8 adders (Zot)
  A green rat (Zot)
  2 worms (Zot)
  2 oozes (Zot)
  A ball python (Zot)
  2 giant cockroaches (Zot)
  4 goblins (Zot)
  A hobgoblin (Zot)
  8 jackals (Zot)
  2 kobolds (Zot)
  2 quokkas (Zot)
  4 bats (Zot)
  2 giant newts (Zot)
  5 rats (Zot)
55 creatures vanquished.

Vanquished Creatures (others)
  An adder (Zot)
  A hobgoblin (Zot)
  A jackal (Zot)
  A kobold (Zot)
  A giant newt (Zot)
  2 rats (Zot)
7 creatures vanquished.

Grand Total: 97 creatures vanquished

Notes
Turn   | Place    | Note
--------------------------------------------------------------
     0 | Zot      | Doot, the Tengu Conjurer, began the quest for the Orb.
     0 | Zot      | Reached XP level 1. HP: 10/10 MP: 3/3
   216 | Zot      | Reached XP level 2. HP: 13/15 MP: 5/5
   223 | Zot      | Reached skill level 6 in Conjurations
   244 | Zot      | Learned a level 2 spell: Searing Ray
   291 | Zot      | Reached XP level 3. HP: 12/19 MP: 4/7
   377 | Zot      | Reached XP level 4. HP: 9/24 MP: 3/9
   391 | Zot      | Learned a level 4 spell: Iskenderun's Mystic Blast
   453 | Zot      | Reached skill level 1 in Fighting
   453 | Zot      | Reached skill level 7 in Conjurations
   453 | Zot      | Reached XP level 5. HP: 26/29 MP: 1/11
   502 | Zot      | Reached XP level 6. HP: 21/34 MP: 5/13
   518 | Zot      | Reached skill level 8 in Conjurations
   528 | Zot      | Reached skill level 1 in Short Blades
   542 | Zot      | Noticed Zokociso
   553 | Zot      | Killed Zokociso the crocodile
   553 | Zot      | Reached XP level 7. HP: 14/24 MP: 1/16
   715 | Zot      | Reached skill level 9 in Conjurations
   719 | Zot      | Reached skill level 1 in Unarmed Combat
   728 | Zot      | Reached skill level 5 in Dodging
   731 | Zot      | Reached XP level 8. HP: 14/31 MP: 5/19
   735 | Zot      | Became a worshipper of Vehumet
   925 | Zot      | Reached skill level 10 in Conjurations
   987 | Zot      | Rotted away (a goliath beetle)

Action                   |  1- 3 |  4- 6 |  7- 9 || total
-------------------------+-------+-------+-------++-------
Melee: Unarmed           |    16 |       |       ||    16
       Dagger            |    19 |    21 |     4 ||    44
       Falchion          |       |       |     3 ||     3
 Cast: Magic Dart        |    17 |    10 |    33 ||    60
       Searing Ray       |       |     3 |     4 ||     7
       Iskenderun's Myst |       |     1 |     1 ||     2
 Abil: Make oklob saplin |     1 |     1 |       ||     2
       Make arrow trap   |     1 |       |       ||     1
       Make burning bush |       |     1 |       ||     1
       Make oklob plant  |       |       |     2 ||     2
       Make net trap     |       |       |     2 ||     2
       Make altar        |       |       |     1 ||     1
  Use: Potion            |     2 |     2 |     2 ||     6
 Stab: Distracted        |       |     2 |     3 ||     5
